[Event "Titled Tuesday Blitz January 31 Late 2023"]
[White "TheKnightOfBosnia"]
[Black "Fernandez Siles, Luis"]
[BlackFideId "2209420"]
[WhiteElo "2502"]
[BlackElo "2218"]
[Result "0-1"]
[Round "07"]
[TimeControl "180+2"]
[Date "2023.01.31"]
[WhiteClock "0:00:11"]
[BlackClock "0:00:05"]

1. e4 c5 2. Nf3 Nc6 3. d4 cxd4 4. Nxd4 Nf6 5. Nc3 e5 6. Ndb5 d6 7. a4 Be7 8. Bg5 a6 9. Bxf6 gxf6 10. Na3 f5 11. Bc4 O-O 12. Qh5 fxe4 13. Bd5 Kh8 14. Nxe4 f5 15. Ng3 Bd7 16. O-O Be8 17. Qd1 Bg6 18. Nc4 Rc8 19. c3 b5 20. axb5 axb5 21. Nd2 b4 22. Bxc6 Rxc6 23. cxb4 Qb6 24. Qa4 d5 25. Nf3 Bd6 26. Rfe1 e4 27. Nd4 Rc4 28. Ne6 Bxg3 29. Nxf8 Bxf2+ 30. Kh1 Bxe1 31. Nxg6+ hxg6 32. Qe8+ Kg7 33. Qe7+ Kh6 34. Qf8+ Kg5 35. Rxe1 Qf2 36. Qd8+ Kf4 37. Rg1 Rc2 38. Qd6+ Kg5 39. Qxd5 Rxb2 40. Qd8+ Kh5 41. Qh8+ Kg5 42. Qd8+ Kh5 43. Qd1+ Kh6 44. Qd6 e3 45. Qf8+ Kh5 46. b5 Qxg1+ 47. Kxg1 Rb1# 0-1


[Site "https://www.chess.com"]

[Event "Titled Tuesday Blitz January 31 Late 2023"]
[White "Yedidia, Daniel"]
[Black "Todev, Simeon"]
[WhiteFideId "30905907"]
[BlackFideId "2925133"]
[WhiteElo "2041"]
[BlackElo "2033"]
[Result "1-0"]
[Round "07"]
[TimeControl "180+2"]
[Date "2023.01.31"]
[WhiteClock "0:00:06"]
[BlackClock "0:00:05"]

1. d4 Nf6 2. c4 e6 3. Nc3 Bb4 4. e3 c5 5. Qc2 d5 6. a3 Bxc3+ 7. bxc3 Nc6 8. Nf3 O-O 9. Bd3 cxd4 10. cxd4 dxc4 11. Qxc4 e5 12. dxe5 Nxe5 13. Nxe5 Qa5+ 14. Bd2 Qxe5 15. Bc3 Qg5 16. Bxf6 Qxf6 17. O-O g6 18. Qb4 b6 19. Be4 Rb8 20. Rac1 Bb7 21. Rc7 a5 22. Qb1 Bxe4 23. Qxe4 Qd6 24. Rc3 Rfc8 25. Rd3 Qc5 26. h4 Re8 27. Qf4 Rbd8 28. Rfd1 Rxd3 29. Rxd3 Rc8 30. Rd7 Qc4 31. Rd8+ Kg7 32. Qe5+ Kh6 33. Qg5+ Kg7 34. Qe5+ Kh6 35. Rd5 Qxh4 36. Rd1 Rc5 37. Qe8 Kg7 38. g3 Qg4 39. Qd7 Qxd7 40. Rxd7 Rc3 41. Rb7 Rb3 42. Kg2 b5 43. Kf3 b4 44. axb4 axb4 45. Ke4 Kf6 46. f4 Ke6 47. Rb6+ Ke7 48. g4 Rb1 49. Ke5 Kf8 50. Kf6 Ke8 51. Rb8+ Kd7 52. Kxf7 b3 53. e4 Re1 54. e5 Re3 55. Rb5 Kc6 56. Rb8 Kc7 57. Rb4 Kc6 58. e6 Kc5 59. Rb8 Re4 60. e7 Rxf4+ 61. Kg7 Re4 62. e8=Q Rxe8 63. Rxe8 h5 64. g5 h4 65. Kxg6 h3 66. Re1 h2 67. Kf5 Kc4 68. Kf4 Kc3 69. Kg3 b2 70. Kxh2 Kd2 71. Rg1 b1=Q 72. Rxb1 1-0


[Site "https://www.chess.com"]

[Event "Titled Tuesday Blitz January 31 Late 2023"]
[White "Marczuk, Dominik"]
[Black "Mazibuko, Khanya"]
[WhiteFideId "1111264"]
[BlackFideId "14321041"]
[WhiteElo "2253"]
[BlackElo "1913"]
[Result "1-0"]
[Round "07"]
[TimeControl "180+2"]
[Date "2023.01.31"]
[WhiteClock "0:00:08"]
[BlackClock "0:00:46"]

1. e4 c5 2. Nf3 e6 3. d4 cxd4 4. Nxd4 a6 5. Bd3 Nf6 6. O-O Qc7 7. f4 Bc5 8. c3 Qb6 9. Kh1 Bxd4 10. cxd4 Qxd4 11. Na3 Nc6 12. Nc4 Qc5 13. Be3 Qh5 14. Be2 Qg6 15. e5 Nd5 16. Nd6+ Kd8 17. Bc5 f5 18. Bc4 Nce7 19. Qd2 b5 20. Qa5+ Nc7 21. Bb6 Nd5 22. Bxd5 exd5 23. Bxc7+ Ke7 24. Qb4 Ke6 25. Rac1 Qg4 26. Rfd1 g5 27. Qd4 Qxf4 28. Qxd5+ Ke7 29. Nxc8+ Rhxc8 30. Qxd7+ Kf8 31. Bd6+ Kg8 32. Rxc8+ Rxc8 33. Qxc8+ 1-0


[Site "https://www.chess.com"]

[Event "Titled Tuesday Blitz January 31 Late 2023"]
[White "Travadon, Loic"]
[Black "Gomes, Luiz Alexandre de Souza"]
[WhiteFideId "26092131"]
[BlackFideId "2102790"]
[WhiteElo "2461"]
[BlackElo "2254"]
[Result "1-0"]
[Round "07"]
[TimeControl "180+2"]
[Date "2023.01.31"]
[WhiteClock "0:01:04"]
[BlackClock "0:01:14"]

1. e4 c5 2. Nf3 d6 3. d4 cxd4 4. Nxd4 Nf6 5. Nc3 e6 6. Be2 Be7 7. Be3 a6 8. g4 h6 9. h4 Qc7 10. Qd2 Nbd7 11. O-O-O Ne5 12. g5 Nfg4 13. Bxg4 Nxg4 14. Rdg1 Nxe3 15. Qxe3 Bd7 16. f4 O-O-O 17. f5 hxg5 18. hxg5 Kb8 19. g6 Rxh1 20. Rxh1 exf5 21. exf5 Bc6 22. Re1 Bh4 23. Re2 fxg6 24. Nxc6+ Qxc6 25. fxg6 Rc8 26. Qe4 Bg5+ 27. Kd1 Qc5 28. Nd5 Rf8 29. c3 Rf1+ 30. Kc2 Rc1+ 31. Kb3 Qb5+ 32. Nb4 a5 33. Qe8+ Ka7 34. Qxb5 1-0


[Site "https://www.chess.com"]

[Event "Titled Tuesday Blitz January 31 Late 2023"]
[White "Deviprasath, Sharvesh"]
[Black "Itkis, Boris"]
[WhiteFideId "30938228"]
[BlackFideId "1209167"]
[WhiteElo "2296"]
[BlackElo "2329"]
[Result "1-0"]
[Round "07"]
[TimeControl "180+2"]
[Date "2023.01.31"]
[WhiteClock "0:00:34"]
[BlackClock "0:01:35"]

1. c4 c5 2. Nf3 Nc6 3. Nc3 g6 4. e3 Nf6 5. d4 cxd4 6. exd4 d5 7. cxd5 Nxd5 8. Bc4 Nxc3 9. Qb3 Nd5 10. Bxd5 e6 11. Bxc6+ bxc6 12. O-O Qd5 13. Qe3 f6 14. b3 Kf7 15. Re1 a5 16. Qf4 Bd6 17. Ne5+ Ke7 18. Qh6 fxe5 19. Qg7+ Kd8 20. Bg5+ Ke8 21. Qxh8+ 1-0


[Site "https://www.chess.com"]

[Event "Titled Tuesday Blitz January 31 Late 2023"]
[White "Ruiz Aguilar, Pablo Alexander"]
[Black "Drnovsek, Gal"]
[WhiteFideId "4401352"]
[BlackFideId "14607077"]
[WhiteElo "2161"]
[BlackElo "2397"]
[Result "1-0"]
[Round "07"]
[TimeControl "180+2"]
[Date "2023.01.31"]
[WhiteClock "0:00:31"]
[BlackClock "0:00:12"]

1. e4 e5 2. Nf3 Nc6 3. d4 exd4 4. Nxd4 Nf6 5. Nxc6 bxc6 6. Bd3 d6 7. O-O Ng4 8. h3 Ne5 9. Nc3 Be7 10. Bf4 O-O 11. Bxe5 dxe5 12. Qf3 Be6 13. Qg3 Bd6 14. Kh1 Rb8 15. b3 Bd7 16. Rad1 f5 17. exf5 e4 18. Bc4+ Kh8 19. Qe3 Bxf5 20. Nxe4 Bxe4 21. Qxe4 Qg5 22. Qxc6 Rbe8 23. Bd3 Re6 24. f4 Qg3 25. Qf3 Qh4 26. f5 Rh6 27. Rde1 Rh5 28. Re4 Qg5 29. Rg4 Qh6 30. Rc4 Qf6 31. Qxh5 Qe5 32. Rcf4 g6 33. Qg4 gxf5 34. Qg5 Qe3 35. Rxf5 Qxg5 36. Rxg5 Re8 37. Rgf5 1-0


[Site "https://www.chess.com"]

[Event "Titled Tuesday Blitz January 31 Late 2023"]
[White "Alfaro, William"]
[Black "Buchenau, Frank"]
[WhiteFideId "6100457"]
[BlackFideId "4604350"]
[WhiteElo "2134"]
[BlackElo "2222"]
[Result "1-0"]
[Round "07"]
[TimeControl "180+2"]
[Date "2023.01.31"]
[WhiteClock "0:00:19"]
[BlackClock "0:00:01"]

1. e4 e6 2. d4 d5 3. e5 c5 4. c3 Qb6 5. Bd3 Bd7 6. Ne2 Nc6 7. O-O cxd4 8. cxd4 Nb4 9. Nbc3 Nxd3 10. Qxd3 Ne7 11. f4 h5 12. Kh1 Nf5 13. g3 Be7 14. Kg2 Rc8 15. Rb1 h4 16. g4 h3+ 17. Kh1 Nh4 18. Qxh3 Bb5 19. f5 Bxe2 20. Nxe2 Rc2 21. fxe6 Rxe2 22. exf7+ Kf8 23. g5 Rxh2+ 24. Qxh2 Ng6 25. Be3 Rxh2+ 26. Kxh2 Qb5 27. Rbc1 Bd8 28. Rf2 Qd7 29. Kg3 Ke7 30. Rh1 Nf8 31. Rh8 Qb5 32. g6 Qd3 33. Rf3 Qxg6+ 34. Kf2 Qc2+ 35. Kg3 Qg6+ 36. Kh2 Ne6 37. f8=Q+ Nxf8 38. Rhxf8 Qh5+ 39. Kg2 Qg6+ 40. Rg3 Qc2+ 41. Rf2 Qe4+ 42. Kh2 g6 43. Rf4 Qc2+ 44. Rf2 Qe4 45. Bg5+ Ke8 46. Bxd8 Kxd8 47. Rd2 Qh4+ 48. Kg2 Qe4+ 49. Kh3 Qf5+ 50. Kh2 Ke7 51. Rdg2 Qh5+ 52. Rh3 1-0


[Site "https://www.chess.com"]

[Event "Titled Tuesday Blitz January 31 Late 2023"]
[White "QuiesPrecatio"]
[Black "EdmundPlayer"]
[WhiteElo "2426"]
[BlackElo "2313"]
[Result "0-1"]
[Round "07"]
[TimeControl "180+2"]
[Date "2023.01.31"]
[WhiteClock "0:01:05"]
[BlackClock "0:01:44"]

1. Nf3 d5 2. g3 g6 3. Bg2 Bg7 4. O-O e5 5. d4 e4 6. Ne1 Ne7 7. c4 c6 8. Nc3 O-O 9. Nc2 Be6 10. e3 Nd7 11. a4 a5 12. b4 axb4 13. Nxb4 Qa5 14. Bd2 Qxb4 15. Nxd5 Qd6 16. Bb4 c5 17. dxc5 Nxc5 18. Nf6+ Bxf6 19. Qxd6 Nd3 20. Bxe4 Nxb4 21. Qxb4 Bxa1 22. Rxa1 Nc6 23. Bxc6 bxc6 24. a5 Rfb8 25. Qc5 Ra6 26. Ra4 Bh3 27. Qd6 Rb1+ 0-1


[Site "https://www.chess.com"]

[Event "Titled Tuesday Blitz January 31 Late 2023"]
[White "Osmonbekov, Talaibek"]
[Black "Forgacs, Attila Jr."]
[WhiteFideId "2017253"]
[BlackFideId "773654"]
[WhiteElo "2137"]
[BlackElo "2264"]
[Result "1-0"]
[Round "07"]
[TimeControl "180+2"]
[Date "2023.01.31"]
[WhiteClock "0:00:15"]
[BlackClock "0:00:02"]

1. d4 Nf6 2. Bf4 g6 3. Nc3 d5 4. e3 Bg7 5. h4 h5 6. Nf3 O-O 7. Ne5 c5 8. f3 Nc6 9. Qd2 Bf5 10. Bd3 Bxd3 11. Qxd3 Rc8 12. O-O-O c4 13. Qd2 Qa5 14. Kb1 b5 15. Nxc6 Rxc6 16. Nxd5 Qd8 17. Nxf6+ Bxf6 18. Qb4 Qb6 19. d5 a5 20. Qe1 Rc5 21. e4 b4 22. e5 Bg7 23. Be3 c3 24. Qf2 Rfc8 25. Bxc5 Rxc5 26. d6 exd6 27. exd6 cxb2 28. d7 Bf6 29. d8=Q+ Bxd8 30. Rxd8+ Kh7 31. Rd7 b3 32. axb3 a4 33. Rxf7+ Kg8 34. Rf6 Qxf6 35. Qxc5 a3 36. Qxa3 Qc3 37. Qxb2 Qd2 38. Qe5 Qxg2 39. Re1 Qh3 40. Qe8+ Kg7 41. Qe7+ Kg8 42. Qe6+ Kf8 43. Qxh3 1-0


[Site "https://www.chess.com"]

[Event "Titled Tuesday Blitz January 31 Late 2023"]
[White "Necromon"]
[Black "Torres Dominguez, David"]
[BlackFideId "2220857"]
[WhiteElo "2420"]
[BlackElo "1994"]
[Result "0-1"]
[Round "07"]
[TimeControl "180+2"]
[Date "2023.01.31"]
[WhiteClock "0:01:22"]
[BlackClock "0:00:51"]

1. Nf3 d5 2. g3 c6 3. Bg2 Nf6 4. b3 Bf5 5. Bb2 e6 6. c4 h6 7. O-O Be7 8. d3 O-O 9. Nbd2 a5 10. Re1 Bh7 11. e4 a4 12. Rc1 axb3 13. Qxb3 Nbd7 14. e5 Nc5 15. exf6 Nxb3 16. fxe7 Qxe7 17. axb3 Bxd3 18. cxd5 cxd5 19. Ne5 Bh7 20. Bd4 Rfc8 21. Ra1 Qe8 22. Ng4 Rxa1 23. Rxa1 Ra8 24. Re1 Ra2 25. Nf1 Ra3 26. Bxd5 Qd7 27. Bc5 Ra5 28. b4 Rxc5 29. Bxe6 fxe6 30. bxc5 Qd5 31. Rc1 Be4 32. Nge3 Qc6 33. Nd2 Bd5 34. Kf1 b6 35. Nxd5 exd5 36. Nb3 Qb5+ 37. Kg1 Qxb3 38. c6 Qb2 0-1


[Site "https://www.chess.com"]

[Event "Titled Tuesday Blitz January 31 Late 2023"]
[White "Bouget, Alexandre"]
[Black "ritanovikova"]
[WhiteFideId "681318"]
[WhiteElo "2267"]
[BlackElo "2217"]
[Result "1-0"]
[Round "07"]
[TimeControl "180+2"]
[Date "2023.01.31"]
[WhiteClock "0:01:38"]
[BlackClock "0:00:54"]

1. d4 e6 2. c4 Nf6 3. Nc3 Bb4 4. a3 Bxc3+ 5. bxc3 c5 6. f3 cxd4 7. cxd4 d5 8. e3 O-O 9. cxd5 exd5 10. Bd3 Nc6 11. Ne2 Be6 12. O-O Qd7 13. Ra2 Bf5 14. Ng3 Bxd3 15. Qxd3 Rfe8 16. Re2 Re7 17. Nf5 Re6 18. e4 dxe4 19. fxe4 Rae8 20. Qg3 Nh5 21. Qg4 Nxd4 22. Ref2 Rxe4 23. Nh6+ Kh8 24. Qxd7 gxh6 25. Bb2 1-0


[Site "https://www.chess.com"]

[Event "Titled Tuesday Blitz January 31 Late 2023"]
[White "Curtis, John"]
[Black "Backsten, Jan"]
[WhiteFideId "3200256"]
[BlackFideId "1735381"]
[WhiteElo "2292"]
[BlackElo "2029"]
[Result "1-0"]
[Round "07"]
[TimeControl "180+2"]
[Date "2023.01.31"]
[WhiteClock "0:00:45"]
[BlackClock "0:00:04"]

1. e4 c5 2. Nf3 d6 3. d4 cxd4 4. Nxd4 Nf6 5. Nc3 a6 6. Bg5 Nbd7 7. Bc4 e6 8. Qe2 h6 9. Bh4 Qb6 10. O-O-O Be7 11. Bxe6 fxe6 12. Nxe6 Kf7 13. Bxf6 Nxf6 14. Nf4 Qc6 15. Rhe1 Re8 16. Qd3 Kg8 17. g3 Bf8 18. f3 Be6 19. Nxe6 Rxe6 20. Nd5 Rae8 21. Nf4 Re5 22. Kb1 Rc5 23. c3 b5 24. a3 a5 25. Nd5 Nxd5 26. exd5 Qc8 27. Rxe8 Qxe8 28. b4 axb4 29. cxb4 Rc4 30. Rc1 Rxc1+ 31. Kxc1 Be7 32. f4 Bf6 33. Kc2 Qc8+ 34. Kb3 Qb7 35. a4 bxa4+ 36. Kxa4 Qa7+ 37. Kb5 Qb7+ 38. Ka4 Kf7 39. h4 Ke7 40. h5 Qb6 41. g4 Qa6+ 42. Qxa6 1-0


[Site "https://www.chess.com"]

[Event "Titled Tuesday Blitz January 31 Late 2023"]
[White "Figorito, Nick"]
[Black "Aung Thant Zin"]
[WhiteFideId "30923689"]
[BlackFideId "13000063"]
[WhiteElo "2036"]
[BlackElo "2268"]
[Result "0-1"]
[Round "07"]
[TimeControl "180+2"]
[Date "2023.01.31"]
[WhiteClock "0:00:09"]
[BlackClock "0:00:38"]

1. Nf3 d5 2. g3 e6 3. Bg2 Nf6 4. O-O Be7 5. d4 O-O 6. c4 dxc4 7. Qc2 a6 8. Qxc4 b5 9. Qc2 Bb7 10. Bf4 Nc6 11. Rd1 Rc8 12. Ne5 Nb4 13. Qb3 Bxg2 14. Kxg2 Qd5+ 15. Qxd5 Nfxd5 16. Nc3 c5 17. Nxd5 Nxd5 18. dxc5 Bxc5 19. Nd7 Rfd8 20. Nxc5 Rxc5 21. e4 Nxf4+ 22. gxf4 Rxd1 23. Rxd1 g6 24. Rd6 a5 25. Ra6 Rc2 26. Rxa5 Rxb2 27. e5 Kg7 28. Kg3 Rb4 29. Ra7 h6 30. Rb7 g5 31. fxg5 hxg5 32. f3 Kg6 33. h3 Rb2 34. h4 gxh4+ 35. Kxh4 Kf5 36. Rxf7+ Kxe5 37. Rb7 Kd5 38. Kg5 Kc6 39. Rb8 Kc7 40. Re8 Kd7 41. Rb8 Kc7 42. Re8 Kd7 43. Rb8 b4 44. f4 Kc7 45. Re8 Kd6 46. Rb8 e5 47. f5 Rg2+ 48. Kf6 e4 49. Rd8+ Kc5 50. Re8 Kd4 51. Rd8+ Kc3 52. Rc8+ Kd3 53. Rd8+ Kc2 54. Rc8+ Kb2 55. Re8 Rg4 56. Rb8 e3 57. Re8 Rg3 58. Re4 Kc3 59. Ke5 Kd3 60. Rd4+ Kc3 61. Re4 Kd3 62. Rxb4 e2 63. Re4 Re3 64. Rxe3+ Kxe3 65. Kf6 e1=Q 66. Kg7 Kf4 67. f6 Qe5 68. Kg6 Qe6 69. Kg7 Qg4+ 70. Kh7 Qf5+ 71. Kg7 Qg5+ 72. Kf7 Ke5 0-1


[Site "https://www.chess.com"]

[Event "Titled Tuesday Blitz January 31 Late 2023"]
[White "Dzida, Kamil"]
[Black "Sai Han Thiha"]
[WhiteFideId "21828652"]
[BlackFideId "13012290"]
[WhiteElo "2352"]
[BlackElo "2070"]
[Result "1-0"]
[Round "07"]
[TimeControl "180+2"]
[Date "2023.01.31"]
[WhiteClock "0:00:04"]
[BlackClock "0:00:03"]

1. e4 c6 2. d4 d5 3. exd5 cxd5 4. c3 Nc6 5. Bd3 Nf6 6. h3 g6 7. Nf3 Bf5 8. O-O e6 9. Bxf5 gxf5 10. Bf4 Bd6 11. Bxd6 Qxd6 12. Nbd2 O-O 13. Re1 Ne4 14. Ne5 Nxe5 15. dxe5 Qb6 16. Nxe4 dxe4 17. Qe2 Qc5 18. Rad1 Rad8 19. Qe3 Qxe3 20. fxe3 b5 21. Rd4 Rxd4 22. exd4 f6 23. exf6 Kf7 24. Kf2 Kxf6 25. g4 h5 26. Ke3 hxg4 27. hxg4 Rh8 28. gxf5 e5 29. Kxe4 Rh4+ 30. Kd5 exd4 31. cxd4 Rh2 32. Re6+ Kxf5 33. Ra6 Rxb2 34. Rxa7 Rb4 35. Kc5 Rc4+ 36. Kxb5 Rxd4 37. Re7 Kf6 38. Re1 Rd5+ 39. Kb4 Rd4+ 40. Kc5 Ra4 41. Ra1 Ke7 42. Kb5 Ra3 43. Kb4 Rh3 44. a4 Kd6 45. Rc1 Rh2 46. a5 Rb2+ 47. Ka4 Ra2+ 48. Kb5 Rb2+ 49. Ka6 Ra2 50. Kb6 Rb2+ 51. Ka7 Kd7 52. a6 Rb3 53. Ka8 Rb2 54. Rd1+ Kc7 55. Rh1 Ra2 56. Rh7+ Kc8 57. a7 Ra1 58. Rh8+ Kc7 59. Rb8 Ra2 60. Rb1 Kc8 61. Rc1+ Kd7 62. Rc5 Ra1 63. Kb7 Rb1+ 64. Ka6 Ra1+ 65. Ra5 Ra2 66. Rxa2 1-0


[Site "https://www.chess.com"]

[Event "Titled Tuesday Blitz January 31 Late 2023"]
[White "Llanos, Guillermo"]
[Black "Desideri, Ricardo Maruchi"]
[WhiteFideId "100358"]
[BlackFideId "2110440"]
[WhiteElo "2290"]
[BlackElo "1959"]
[Result "1-0"]
[Round "07"]
[TimeControl "180+2"]
[Date "2023.01.31"]
[WhiteClock "0:01:50"]
[BlackClock "0:00:34"]

1. d4 Nf6 2. c4 c5 3. d5 e6 4. Nc3 exd5 5. cxd5 d6 6. e4 g6 7. h3 Bg7 8. Bd3 O-O 9. Bg5 Nbd7 10. Nf3 a6 11. a4 Re8 12. O-O Qe7 13. Re1 Qf8 14. a5 h6 15. Bd2 Kh7 16. Na4 c4 17. Bc2 Rb8 18. Bb4 b5 19. axb6 Nxb6 20. e5 Nfxd5 21. Bxd6 Qg8 22. Bxb8 Nxa4 23. Bxa4 Nf4 24. Bxe8 1-0


[Site "https://www.chess.com"]

[Event "Titled Tuesday Blitz January 31 Late 2023"]
[White "Bongo Akanga Ndjila, Barthelemy"]
[Black "Aarav Dengla"]
[WhiteFideId "10609431"]
[BlackFideId "45059756"]
[WhiteElo "1824"]
[BlackElo "2343"]
[Result "0-1"]
[Round "07"]
[TimeControl "180+2"]
[Date "2023.01.31"]
[WhiteClock "0:01:09"]
[BlackClock "0:01:35"]

1. d4 d5 2. c4 e6 3. Nc3 a6 4. cxd5 exd5 5. Bf4 Nf6 6. e3 c5 7. Qc2 Nc6 8. a3 cxd4 9. exd4 Nxd4 10. Qa4+ Nc6 11. Qc2 Bd6 12. Bg5 d4 13. Ne4 O-O 14. Nxf6+ gxf6 15. Bh6 Re8+ 16. Kd1 d3 17. Bxd3 Nd4 18. Qc3 Nb5 19. Qc2 Nd4 20. Qc3 Be5 21. f4 Bg4+ 22. Kc1 Ne2+ 23. Nxe2 Bxc3 24. Nxc3 Qxd3 25. h3 Bf5 0-1


[Site "https://www.chess.com"]

[Event "Titled Tuesday Blitz January 31 Late 2023"]
[White "Szyszylo, Rafal"]
[Black "kiwibobo"]
[WhiteFideId "1109626"]
[WhiteElo "2091"]
[BlackElo "2087"]
[Result "1-0"]
[Round "07"]
[TimeControl "180+2"]
[Date "2023.01.31"]
[WhiteClock "0:00:16"]
[BlackClock "0:00:36"]

1. e4 e5 2. Nf3 Nc6 3. Bb5 a6 4. Ba4 Nf6 5. Qe2 b5 6. Bb3 Bc5 7. c3 d6 8. d3 h6 9. O-O O-O 10. Re1 Re8 11. Nbd2 Be6 12. Bc2 d5 13. Nf1 d4 14. Ng3 Nh7 15. h3 b4 16. Ba4 Bd7 17. c4 Nb8 18. Bxd7 Nxd7 19. Nf5 Bf8 20. Nh2 c5 21. g3 a5 22. Qg4 Ndf6 23. Nxh6+ Kh8 24. Nxf7+ Kg8 25. Nxd8 Nxg4 26. Nxg4 Raxd8 27. f4 Nf6 28. Nxe5 Bd6 29. Nc6 Ra8 30. e5 Ra6 31. Nxd4 cxd4 32. Bd2 Bc5 33. exf6 Rxe1+ 34. Rxe1 Rxf6 35. Re5 Bb6 36. Kg2 Kf7 37. g4 Bc7 38. Re4 Bb6 39. f5 Kf8 40. Bg5 Rd6 41. Re6 Rxe6 42. fxe6 Bc7 43. Kf3 a4 44. b3 axb3 45. axb3 Ke8 46. Ke4 Bb6 47. Kd5 Ba7 48. c5 Bb8 49. Kxd4 Bg3 50. Kd5 Bh2 51. d4 Bg3 52. Kc6 Bf2 53. d5 Bg3 54. d6 Bxd6 55. cxd6 Kf8 56. d7 1-0


[Site "https://www.chess.com"]

[Event "Titled Tuesday Blitz January 31 Late 2023"]
[White "Gerbelli Neto, Eduardo"]
[Black "Good, Daniel"]
[WhiteFideId "2103281"]
[BlackFideId "1302388"]
[WhiteElo "2114"]
[BlackElo "2141"]
[Result "1-0"]
[Round "07"]
[TimeControl "180+2"]
[Date "2023.01.31"]
[WhiteClock "0:02:38"]
[BlackClock "0:02:07"]

1. e4 c6 2. d4 d5 3. exd5 cxd5 4. c4 Nf6 5. Nc3 Nc6 6. Nf3 Bg4 7. cxd5 Nxd5 8. Qb3 e6 9. Qxb7 Rc8 10. Bb5 Qc7 11. Qxc7 Rxc7 12. Ne5 1-0


[Site "https://www.chess.com"]

[Event "Titled Tuesday Blitz January 31 Late 2023"]
[White "Kaufman, Lawrence"]
[Black "Harish, Neeraj"]
[WhiteFideId "2000555"]
[BlackFideId "30958130"]
[WhiteElo "2188"]
[BlackElo "2232"]
[Result "1-0"]
[Round "07"]
[TimeControl "180+2"]
[Date "2023.01.31"]
[WhiteClock "0:00:39"]
[BlackClock "0:00:16"]

1. e4 c5 2. Nf3 Nc6 3. Bb5 g6 4. O-O Bg7 5. c3 e5 6. d4 cxd4 7. cxd4 exd4 8. Na3 a6 9. Bxc6 dxc6 10. Bf4 Be6 11. Ng5 Ne7 12. Nxe6 fxe6 13. Qb3 O-O 14. Qxe6+ Kh8 15. Bg5 Re8 16. Nc4 Ng8 17. Nd6 Bf6 18. Nf7+ Kg7 19. Nxd8 Rxe6 20. Nxe6+ Kf7 21. Bxf6 Nxf6 22. Nxd4 Nxe4 23. Rfe1 Nf6 24. Rad1 Rd8 25. Nf3 Rc8 26. Ne5+ Kf8 27. Nd7+ Kf7 28. Nxf6 Kxf6 29. Rd6+ Kf7 30. Rd7+ Kg8 31. Rxb7 1-0


[Site "https://www.chess.com"]

[Event "Titled Tuesday Blitz January 31 Late 2023"]
[White "Tinmaz, Kerem"]
[Black "Almedina Ortiz, Edgardo J."]
[WhiteFideId "44559151"]
[BlackFideId "3100197"]
[WhiteElo "2177"]
[BlackElo "2156"]
[Result "1-0"]
[Round "07"]
[TimeControl "180+2"]
[Date "2023.01.31"]
[WhiteClock "0:00:25"]
[BlackClock "0:00:01"]

1. e4 c5 2. Nc3 e6 3. Nf3 Nc6 4. d4 cxd4 5. Nxd4 Qc7 6. Be3 a6 7. Bd3 Nf6 8. O-O Nxd4 9. Bxd4 Bc5 10. Bxc5 Qxc5 11. Qe2 d6 12. Rfe1 b5 13. Qe3 Qxe3 14. Rxe3 e5 15. a4 b4 16. Nd5 Nxd5 17. exd5 Bb7 18. Bc4 Rc8 19. b3 O-O 20. a5 f5 21. Ra4 Rc5 22. Rd3 Bc8 23. g3 f4 24. h4 Bd7 25. Rxb4 Rxa5 26. Rb6 Ra1+ 27. Kg2 f3+ 28. Kh2 Rf1 29. Rd2 Rc1 30. Rxd6 Bf5 31. Rxa6 Bxc2 32. d6+ Kh8 33. d7 Rd8 34. Rc6 1-0


[Site "https://www.chess.com"]

[Event "Titled Tuesday Blitz January 31 Late 2023"]
[White "Fiorito, Francisco"]
[Black "rikchessmx"]
[WhiteFideId "180165"]
[WhiteElo "2305"]
[BlackElo "2287"]
[Result "1-0"]
[Round "07"]
[TimeControl "180+2"]
[Date "2023.01.31"]
[WhiteClock "0:02:04"]
[BlackClock "0:00:20"]

1. d4 Nf6 2. Nc3 e6 3. Bf4 c5 4. d5 d6 5. dxe6 fxe6 6. e4 e5 7. Bg5 Nc6 8. Bc4 Nd4 9. Nge2 Be7 10. O-O Be6 11. Bxe6 Nxe6 12. Bxf6 Bxf6 13. Nd5 O-O 14. Ng3 Rc8 15. c3 b5 16. Nh5 Be7 17. Qg4 Qd7 18. Nxg7 1-0


[Site "https://www.chess.com"]

[Event "Titled Tuesday Blitz January 31 Late 2023"]
[White "Floresvillar Gonzalez, Luis Migu"]
[Black "Nunez V, Gustavo Eduardo"]
[WhiteFideId "5100542"]
[BlackFideId "4403690"]
[WhiteElo "2043"]
[BlackElo "2212"]
[Result "0-1"]
[Round "07"]
[TimeControl "180+2"]
[Date "2023.01.31"]
[WhiteClock "0:00:01"]
[BlackClock "0:00:03"]

1. d4 Nf6 2. c3 g6 3. Bg5 Bg7 4. Nd2 h6 5. Bh4 d6 6. e4 Nbd7 7. f4 e5 8. fxe5 dxe5 9. d5 O-O 10. Ngf3 c6 11. dxc6 bxc6 12. Bc4 a5 13. Qe2 g5 14. Bg3 Re8 15. b3 Nc5 16. O-O Bg4 17. h3 Bh5 18. Qe3 Bxf3 19. Nxf3 Ncxe4 20. Bxe5 Nd6 21. Bd3 Nd5 22. Qd4 Bxe5 23. Nxe5 Qc7 24. Rae1 Nf4 25. Bc2 c5 26. Qf2 Nb5 27. Ng4 Qd6 28. Rd1 Qb6 29. Kh1 Re2 30. Qf3 Rae8 31. g3 Rxc2 32. gxf4 Rxc3 33. Qd5 Rxh3+ 34. Kg2 Nc3 35. Qf5 Rhe3 36. fxg5 Nxd1 37. Qxf7+ Kh8 38. Nf6 Re2+ 39. Kh3 Qe6+ 40. Qxe6 R8xe6 0-1


[Site "https://www.chess.com"]

[Event "Titled Tuesday Blitz January 31 Late 2023"]
[White "Pino Perez, Lazaro"]
[Black "Kohler, Aran"]
[WhiteFideId "3517055"]
[BlackFideId "1002856"]
[WhiteElo "2142"]
[BlackElo "2010"]
[Result "1-0"]
[Round "07"]
[TimeControl "180+2"]
[Date "2023.01.31"]
[WhiteClock "0:00:54"]
[BlackClock "0:00:07"]

1. d4 d5 2. Bf4 Nf6 3. e3 c5 4. Nf3 cxd4 5. exd4 Nc6 6. c3 a6 7. Nbd2 Bg4 8. Qb3 b5 9. a4 Na5 10. Qc2 Nc4 11. Ne5 Bd7 12. Bd3 Nxd2 13. Bxd2 bxa4 14. Nxd7 Qxd7 15. Rxa4 e6 16. O-O Bd6 17. Rfa1 O-O 18. Bxa6 Ne4 19. Be3 Qe7 20. Bd3 Rxa4 21. Rxa4 f5 22. Bxe4 dxe4 23. g3 g5 24. d5 exd5 25. Ra7 Qf6 26. Qb3 Be5 27. Qxd5+ Kh8 28. Bxg5 1-0


[Site "https://www.chess.com"]

[Event "Titled Tuesday Blitz January 31 Late 2023"]
[White "Chabris, Christopher"]
[Black "Wilson, Elvin"]
[WhiteFideId "2005263"]
[BlackFideId "2014874"]
[WhiteElo "2053"]
[BlackElo "2183"]
[Result "1-0"]
[Round "07"]
[TimeControl "180+2"]
[Date "2023.01.31"]
[WhiteClock "0:00:02"]
[BlackClock "0:00:11"]

1. e4 e6 2. d4 d5 3. Nc3 Bb4 4. e5 c5 5. a3 Bxc3+ 6. bxc3 Ne7 7. h4 Qc7 8. h5 h6 9. Rb1 b6 10. Bb5+ Bd7 11. Bd3 c4 12. Be2 Ba4 13. Nh3 Nbc6 14. Nf4 O-O-O 15. g4 Kb7 16. Bf3 a5 17. Qe2 Na7 18. O-O Nb5 19. Qe3 Ka6 20. Be2 Rdg8 21. Kh1 Qc8 22. Rg1 Bxc2 23. Ra1 a4 24. Bd2 Bb3 25. Nh3 f6 26. f4 f5 27. g5 g6 28. Rg3 Qe8 29. Rag1 hxg5 30. Rxg5 gxh5 31. Bc1 Bc2 32. Qg3 Be4+ 33. Bf3 h4 34. Qf2 Nxc3 35. Bxe4 Nxe4 36. Qb2 Ng3+ 37. Kh2 Qb5 38. Qc2 Qb3 39. Qf2 Ne4 40. Qe1 Rxg5 41. Nxg5 Ng6 42. Nxe6 Ne7 43. Nc7+ Kb7 44. Ne6 Rg8 45. Rxg8 Nxg8 46. Be3 Qc2+ 47. Kh3 Qd3 48. Qg1 Ne7 49. Kxh4 c3 50. Qg7 Qxe3 51. Qxe7+ Ka6 52. Nc7+ Ka5 53. Qb4# 1-0


[Site "https://www.chess.com"]